 Dungeon Crawl Stone Soup version 0.30-a0-1102-g2dbb833546 (webtiles) character file.

Game seed: 13028706585537508362

12078 antigravityiii the Cleaver (level 11, -3/96 (101) HPs)
             Began as a Minotaur Berserker on Apr 18, 2023.
             Was a Priest of Trog.
             Slain by an orc warrior
             ... wielding a +0 scimitar
              (7 damage)
             ... on level 9 of the Dungeon.
             The game lasted 00:26:35 (10841 turns).

antigravityiii the Cleaver (Minotaur Berserker)    Turns: 10841, Time: 00:26:35

HP:   -3/96 (101)   AC: 25    Str: 31    XL:     11   Next: 57%
MP:   10/10         EV: 11    Int: 10    God:    Trog [***...]
Gold: 201           SH:  0    Dex: 11    Spells: 10/10 levels left

rFire   . . .      SeeInvis .    H - +7 mace of Variability {chaos, chaos arc}
rCold   . . .      Faith    .    (shield currently unavailable)
rNeg    . . .      Spirit   .    p - +0 plate armour
rPois   +          Reflect  .    u - +2 hat
rElec   .          Rampage  +    A - +0 cloak
rCorr   .                        y - +0 pair of gloves
Will    .....                    C - +0 pair of boots {rampage} Stlth
                                 (no amulet)
HPRegen 0.36/turn                o - ring of Irrepressible Laughter {rPois Str+6 Int+6 Slay-6}
MPRegen 0.12/turn                L - +4 ring of protection

@: lightly drained
A: horns 2, retaliatory headbutt, hooves 1, poison resistance
a: Renounce Religion, Berserk, Trog's Hand


You were on level 9 of the Dungeon.
You worshipped Trog.
Trog was most pleased with you.
You visited 2 branches of the dungeon, and saw 12 of its levels.
You also visited: Bailey.

You collected 679 gold pieces.
You spent 478 gold pieces at shops.

Inventory:

Hand Weapons
 w - a +3 war axe
 H - the +7 mace of Variability (weapon) {chaos, chaos arc}
   (You found it in a bailey)
Missiles
 m - 6 curare-tipped darts (quivered)
Armour
 p - a +0 plate armour (worn)
 u - a +2 hat (worn)
 y - a +0 pair of gloves (worn)
 A - a +0 cloak (worn)
 C - a +0 pair of boots of rampaging (worn)
Jewellery
 o - the ring of Irrepressible Laughter (left hand) {rPois Str+6 Int+6 Slay-6}
   (You found it on level 6 of the Dungeon)

   [ring of intelligence]

   Str:       It affects your strength (+6).
   Int:       It affects your intelligence (+6).
   Slay:      It affects your accuracy & damage with ranged weapons and melee
   (-6).
   rPois:     It protects you from poison.
 L - a +4 ring of protection (right hand)
Wands
 r - a wand of charming (4)
 x - a wand of flame (17)
 z - a wand of quicksilver (8)
 G - a wand of mindburst (9)
Scrolls
 a - 2 scrolls of poison
 c - 2 scrolls of vulnerability {unknown}
 d - 3 scrolls of noise
 e - 2 scrolls of blinking {unknown}
 i - 3 scrolls of amnesia
 j - 8 scrolls of teleportation
 k - 3 scrolls of magic mapping
 l - 3 scrolls of fear {unknown}
 n - a scroll of brand weapon {unknown}
 s - a scroll of silence {unknown}
 t - 3 scrolls of fog
 v - 2 scrolls of butterflies
 E - a scroll of enchant weapon {unknown}
 K - a scroll of identify
Potions
 b - 5 potions of curing
 f - 2 potions of might
 g - 3 potions of magic
 h - 4 potions of lignification
 q - a potion of flight {unknown}
 B - 3 potions of brilliance {unknown}
 D - 2 potions of cancellation {unknown}
 F - 2 potions of resistance
 I - a potion of haste


   Skills:
 + Level 10.6 Fighting
 * Level 14.3 Axes
 + Level 10.3 Armour
 + Level 9.5 Dodging


You had 10 spell levels left.
You didn't know any spells.
Your spell library was empty.

Dungeon Overview and Level Annotations

Branches:
Dungeon (11/15)            Temple (0/1) D:4            Lair (0/5) D:8
    Orc (1/2) D:9          Bailey (visited)

Altars:
Ashenzari
Fedhas
Gozag
Sif Muna
Vehumet
The Shining One

Shops:
D:4 :   D:5 (*=[   D:8 !


Innate Abilities, Weirdness & Mutations

You have a pair of horns on your head.
You reflexively headbutt those who attack you in melee.
You have large cloven feet.
Your system is resistant to poisons. (rPois)


Message History

The orc warrior barely misses you.
An orc wizard comes into view. It is wielding a +0 dagger.
The orc hits you but does no damage.
The orc warrior hits you with a +0 scimitar!
The orc closely misses you.
The orc wizard moves out of view.
You barely miss the orc warrior.
The orc warrior is severely wounded.
The orc warrior hits you with a +0 scimitar!
The orc warrior hits you but does no damage.
The orc hits you but does no damage.
Unknown command.
You are too injured to fight recklessly!
Unknown command.
You are too injured to fight recklessly!
Unknown command.
Unknown command.
The orc wizard shouts!
The orc warrior hits you with a +0 scimitar.
The orc barely misses you. You furiously retaliate!
You headbutt the orc!
You kill the orc!
Trog accepts your kill.
You climb upwards.
Welcome back to the Dungeon!
There is a staircase to the Orcish Mines, spattered with blood here.
You closely miss the orc warrior.
The orc warrior is severely wounded.
The orc warrior looks more healthy.
The orc warrior hits you with a +0 scimitar!
* * * LOW HITPOINT WARNING * * *
The orc warrior misses you. You furiously retaliate!
You headbutt the orc warrior, but do no damage.
You barely miss the orc warrior.
The orc warrior is severely wounded.
The orc warrior hits you but does no damage.
The orc warrior hits you with a +0 scimitar!!
* * * LOW HITPOINT WARNING * * *
Unknown command.
You completely miss the orc warrior.
The orc warrior is severely wounded.
The orc warrior hits you with a +0 scimitar!
You die...

#.........#####.........#####..
#.........# ######'#### ###
#.....<...# #.## # ###.#######
#..# # #..[...## ##.# ###)....#
#)# #### #.....# ####.######...
#.....###### #.....##......
#........)@###...<.##.##...
#.....###)[o..........##...
#.....# ######.....#####}..
#.....# ####### #### #.....#
#.....# #######


You could see an orc warrior (berserk).

Vanquished Creatures
  Josephine (D:10)
  A two-headed ogre (D:9)
  An ugly thing (D:9)
  A cyclops (D:11)
  A gargoyle (Bailey)
  A rime drake (D:8)
  3 kobold demonologists (D:10)
  3 trolls (D:9)
  Prince Ribbit (D:7)
  Sigmund (D:3)
  A shadow (D:10)
  6 wraiths
  3 yaks (D:9)
  A steam dragon (D:7)
  2 vampire mosquitoes (D:10)
  2 acid dragons
  Duvessa (D:7)
  8 ice beasts
  8 orc warriors
  A sky beast (D:7)
  A black bear (D:7)
  3 ogres
  6 centaurs
  2 wolves
  A phantom (D:4)
  5 kobold brigands
  3 bullfrogs
  A gnoll sergeant (D:5)
  4 scorpions
  6 wights
  Dowan (D:7)
  6 killer bees (D:8)
  7 vampire bats (Bailey)
  An electric eel (D:10)
  5 howler monkeys
  2 wolf zombies (Bailey)
  Crazy Yiuf (D:7)
  3 hounds
  2 gnoll boudas
  2 iguanas (D:5)
  4 orc priests
  Jessica (D:3)
  3 orc wizards (D:9)
  14 gnolls
  6 adders
  A shadow imp (D:6)
  3 ufetubi
  A worm (D:3)
  2 dart slugs
  30 orcs
  7 bats
  2 endoplasms
  4 giant cockroaches
  7 goblins
  4 hobgoblins
  6 jackals
  3 quokkas
  9 ball pythons
  A frilled lizard (D:1)
  19 kobolds
  16 orc zombies (Bailey)
  5 rats
257 creatures vanquished.

Vanquished Creatures (collateral kills)
  A vampire (Bailey)
1 creature vanquished.

Grand Total: 258 creatures vanquished

Notes
Turn   | Place    | Note
-------+----------+-------------------------------------------
     0 | D:1      | antigravityiii the Minotaur Berserker began the quest for
                  | the Orb.
     0 | D:1      | Reached XP level 1. HP: 19/19 MP: 0/0
   219 | D:1      | Reached XP level 2. HP: 25/27 MP: 1/1
   256 | D:1      | Reached skill level 4 in Axes
  1255 | D:2      | Reached XP level 3. HP: 30/33 MP: 2/2
  1900 | D:3      | Noticed Sigmund
  1905 | D:3      | Noticed Jessica
  1906 | D:3      | Gained mutation: You have large cloven feet. [potion of
                  | mutation]
  1906 | D:3      | Gained mutation: Your system is resistant to poisons.
                  | (rPois) [potion of mutation]
  1988 | D:4      | Noticed a wight
  1997 | D:4      | Killed a wight
  1998 | D:4      | Reached skill level 5 in Axes
  1998 | D:4      | Reached XP level 4. HP: 41/41 MP: 3/3
  2008 | D:4      | Noticed a scorpion
  2147 | D:3      | Killed a scorpion
  2148 | D:3      | Reached XP level 5. HP: 35/47 MP: 4/4
  2242 | D:4      | Reached XP level 6. HP: 19/54 MP: 5/5
  2385 | D:4      | Reached skill level 5 in Fighting
  2385 | D:4      | Reached skill level 6 in Axes
  2510 | D:4      | Found Panykh's Book Emporium.
  2547 | D:4      | Reached ** piety under Trog
  2615 | D:4      | Found a broken altar of Ashenzari.
  2852 | D:4      | Found a staircase to the Ecumenical Temple.
  2886 | D:4      | Found an opulent altar of Gozag.
  2941 | D:5      | Entered Level 5 of the Dungeon
  3116 | D:5      | Found Iwkoijov's Jewellery Shoppe.
  3116 | D:5      | Found Egoseoda's Armour Shoppe.
  3116 | D:5      | Found Asuwnoipp's Assorted Antiques.
  3117 | D:5      | Found Xoraug's Weapon Shoppe.
  3127 | D:5      | Bought a +2 hat for 208 gold pieces
  3190 | D:5      | Reached XP level 7. HP: 48/61 MP: 6/6
  3478 | D:5      | Reached skill level 7 in Axes
  3667 | D:5      | Found a glowing golden altar of the Shining One.
  3693 | D:5      | Reached skill level 5 in Armour
  3835 | D:5      | Found a radiant altar of Vehumet.
  4080 | D:3      | Killed Sigmund
  4081 | D:3      | Reached skill level 8 in Axes
  4081 | D:3      | Reached skill level 5 in Dodging
  4081 | D:3      | Reached XP level 8. HP: 64/70 MP: 7/7
  4119 | D:3      | Killed Jessica
  4128 | D:3      | Found a faded altar of an unknown god.
  4525 | D:6      | Reached *** piety under Trog
  4816 | D:6      | Identified the ring of Irrepressible Laughter {rPois Str+6
                  | Int+6 Slay-6}
  5229 | D:6      | Reached skill level 9 in Axes
  5636 | D:7      | Reached XP level 9. HP: 71/79 MP: 8/8
  5756 | D:7      | Noticed Prince Ribbit
  5768 | D:7      | Killed Prince Ribbit
  5769 | D:7      | Reached skill level 10 in Axes
  6152 | D:7      | Noticed Duvessa
  6152 | D:7      | Noticed Dowan
  6169 | D:7      | Killed Duvessa
  6175 | D:7      | Killed Dowan
  6204 | D:7      | Found a runed translucent door.
  6205 | D:7      | Noticed Crazy Yiuf
  6210 | D:7      | Killed Crazy Yiuf
  6257 | D:8      | Noticed a rime drake
  6273 | D:8      | Killed a rime drake
  6274 | D:8      | Reached skill level 11 in Axes
  6605 | D:8      | Found a staircase to the Lair.
  6683 | D:8      | Reached XP level 10. HP: 90/90 MP: 9/9
  6763 | D:8      | Found Lecaesmo's Distillery.
  6768 | D:8      | Bought a potion of heal wounds for 75 gold pieces
  6768 | D:8      | Bought a potion of haste for 150 gold pieces
  6768 | D:8      | Bought a potion of curing for 45 gold pieces
  7518 | D:9      | Noticed a cyan ugly thing
  7527 | D:9      | Killed a cyan ugly thing
  7528 | D:9      | Reached skill level 12 in Axes
  7680 | D:9      | Reached **** piety under Trog
  7700 | D:9      | Found a staircase to the Orcish Mines.
  7965 | D:9      | Noticed a two-headed ogre
  7972 | D:9      | Killed a two-headed ogre
  8034 | D:10     | Entered Level 10 of the Dungeon
  8057 | D:10     | Reached skill level 13 in Axes
  8061 | D:10     | Found a blossoming altar of Fedhas.
  8276 | D:10     | Noticed Josephine
  8280 | D:10     | Noticed a rust devil
  8285 | D:10     | Reached XP level 11. HP: 99/99 MP: 10/10
  8291 | D:10     | Killed Josephine
  8292 | D:10     | Reached skill level 10 in Fighting
  8546 | D:10     | Found a shimmering blue altar of Sif Muna.
  8571 | D:10     | Found a flagged portal.
  8591 | Bailey   | Entered a bailey
  8900 | Bailey   | Reached skill level 10 in Armour
  9103 | Bailey   | Found the +7 mace of Variability {chaos, chaos arc}
  9759 | D:11     | Reached skill level 14 in Axes
 10040 | Orc:1    | Entered Level 1 of the Orcish Mines
 10046 | Orc:1    | Noticed an orc knight
 10048 | Orc:1    | Noticed a two-headed ogre
 10840 | D:9      | HP: 3/96 [orc warrior/+0 scimitar (22)]
 10841 | D:9      | Slain by an orc warrior

Illustrated notes

Levels and vault maps discovered:
D:1:      elethiomel_arrival_shortcut, layout_basic, minmay_tree_intersection
D:2:      layout_basic, kennysheep_generic_room_11
D:3:      layout_basic, dreamdust_ecumenical_altar_angels_and_demons,
          uniq_jessica, uniq_sigmund
D:4:      layout_rooms, nicolae_ashenzari_panopticon,
          mainiacjoe_overflow_alcove_2, minmay_temple_entry_glassed_door,
          serial_shops, nicolae_diamond_shop, minmay_fractal_squares_5
D:5:      layout_rooms, mainiacjoe_overflow_two_lobes, chequers_jeans,
          minmay_shop_grid_forest
D:6:      cheibrodos_thug_alley, layout_basic, grunt_ministairs_14,
          kennysheep_cross_room, hex_intersection, grunt_tough_drop
D:7:      layout_basic, minivault_10, uniq_prince_ribbit1,
          uniq_crazy_yiuf_cottage, uniq_duvessa
D:8:      layout_cave_pools, hellmonk_lair_entry_icy, serial_shops, shop
D:9:      layout_roguey, orc_0_dummy
D:10:     layout_cave_pools, nicolae_sif_muna_condensation, kennysheep_mini,
          enter_bailey_7, nrook_pool_corridor, uniq_josephine
D:11:     layout_rooms, uniq_sonja
Orc:1:    dreamdust_wu_jian_sword_trials, layout_caves, gammafunk_ghost_grave

Skill      XL: |  1  2  3  4  5  6  7  8  9 10 11 |
---------------+----------------------------------+-----
Axes           | 4 5 6 8 9 11 13 14 | 14.3
Fighting       | 4 5 6 7 8 9 10 | 10.6
Armour         | 3 4 5 6 8 9 10 | 10.3
Dodging        | 3 4 5 6 7 8 9 |  9.5

Action                     |  1- 3 |  4- 6 |  7- 9 | 10-12 || total
---------------------------+-------+-------+-------+-------++-------
  Melee: Hand axe          |    78 |    71 |    42 |       ||   191
         Headbutt          |    12 |     8 |    40 |    50 ||   110
         Kick              |     1 |    19 |    55 |    73 ||   148
         War axe           |       |       |   232 |   274 ||   506
         Punch             |       |       |     1 |     1 ||     2
         Great mace        |       |       |       |    79 ||    79
  Throw: Dart              |     5 |       |       |       ||     5
 Invoke: Berserk           |     2 |     1 |     4 |     6 ||    13
         Trog's Hand       |       |       |     3 |     9 ||    12
         Brothers in Arms  |       |       |       |     1 ||     1
    Use: Potion            |     2 |       |       |     4 ||     6
         Scroll            |     1 |       |     4 |     9 ||    14
 Armour: Animal skin       |    10 |       |       |       ||    10
         Leather armour    |     3 |       |       |       ||     3
         Ring mail         |     2 |    11 |       |       ||    13
         Chain mail        |       |    14 |    91 |       ||   105
         Plate armour      |       |       |    97 |   340 ||   437
  Dodge: Dodged            |    62 |    38 |   132 |   284 ||   516

Table legend: (Time is in decaauts)
 A = Elapsed time spent in this place.
 B = Non-inter-level travel time spent in this place.
 C = Inter-level travel time spent in this place.
 D = Time resting spent in this place.
 E = Time spent auto-exploring this place.
 F = Levels seen in this place.
 G = Mean time per level.
                   A        B        C        D        E       F      G
               +--------+--------+--------+--------+--------+-----+--------+
         Total |  10944 |  10425 |    519 |   2116 |   6396 |  13 |  841.8 |
       Dungeon |  10191 |   9672 |    519 |   2116 |   5855 |  11 |  926.5 |
  Orcish Mines |     35 |     35 |      0 |      0 |      0 |   1 |   35.0 |
        Bailey |    717 |    717 |      0 |      0 |    541 |   1 |  717.0 |
               +--------+--------+--------+--------+--------+-----+--------+

Top non-repeatable levels by time:
     D:9: 2039 daAuts
     D:5: 1098 daAuts
     D:1: 1080 daAuts
     D:6: 996 daAuts
     D:7: 979 daAuts
     D:2: 825 daAuts
     D:8: 794 daAuts
     D:4: 779 daAuts
     D:3: 748 daAuts
    D:10: 717 daAuts
  Bailey: 717 daAuts
    D:11: 132 daAuts
   Orc:1: 35 daAuts
